 Dungeon Crawl Stone Soup version 0.17.1-1-g73c8601 (webtiles) character file.

15733 Peloso the Blocker (level 11, -3/94 HPs)
             Began as a Demigod Fighter on Jan 2, 2016.
             Slain by a shadow (10 damage)
             ... on level 10 of the Dungeon.
             The game lasted 00:38:49 (15527 turns).

Peloso the Blocker (Demigod Fighter)               Turns: 15527, Time: 00:38:49

Health: -3/94      AC: 17    Str: 25    XL:     11   Next: 72%
Magic:  14/14      EV: 11    Int: 12    God:
Gold:   610        SH: 12    Dex: 15    Spells: 0 memorised, 10 levels left

rFire  . . .     SeeInvis .     p - +3 falchion (elec)
rCold  . . .     Clarity  .     d - +0 chain mail
rNeg   . . .     SustAt   +     c - +0 shield
rPois  .         Gourm    .     (no helmet)
rElec  .         Spirit   .     g - +1 cloak
rCorr  +         Warding  .     E - +0 pair of gloves
rMut   .         Stasis   .     (no boots)
MR     +....                    C - amulet of resist corrosion
Stlth  ..........               (no ring)
                                m - +1 ring of protection

@: very slightly contaminated, somewhat resistant to hostile enchantments,
extremely unstealthy
A: high mp 1, shaggy fur 1, sustain attributes
a: no special abilities


You were on level 10 of the Dungeon.
You were very hungry.

You visited 1 branch of the dungeon, and saw 11 of its levels.
You also visited: Sewer.

You collected 610 gold pieces.

Inventory:

Hand Weapons
 a - a +1 long sword
 p - a +3 falchion of electrocution (weapon)
 y - a +2 halberd of protection
Armour
 b - a +0 scale mail
 c - a +0 shield (worn)
 d - a +0 chain mail (worn)
 g - a +1 cloak (worn)
 E - a +0 pair of gloves (worn)
Jewellery
 m - a +1 ring of protection (left hand)
 n - an uncursed amulet of clarity
 q - an uncursed amulet of warding
 s - an uncursed amulet of resist mutation
 C - an amulet of resist corrosion (around neck)
Wands
 f - a wand of magic darts (34)
 r - a wand of polymorph (8)
 u - a wand of frost (10)
 v - a wand of magic darts (27)
 G - a wand of slowing (16)
 M - a wand of lightning (14)
 N - a wand of digging (6)
 P - a wand of fire (2)
 Q - a wand of enslavement (9)
Scrolls
 l - 2 scrolls of fog
 w - 8 scrolls of teleportation
 x - 5 scrolls of recharging
 A - 3 scrolls of remove curse
 I - a scroll of magic mapping
 K - a scroll of blinking
Potions
 j - 7 potions of curing
 o - 4 potions of flight
 t - a potion of cancellation
 z - 2 potions of magic
 B - a potion of resistance
Comestibles
 e - 7 bread rations
 h - 2 slices of pizza
 k - a beef jerky
 D - 3 meat rations


   Skills:
 + Level 8.0 Fighting
 + Level 8.4 Long Blades
 + Level 9.2 Armour
 + Level 6.6 Dodging
 + Level 1.4 Stealth
 + Level 9.6 Shields


You had 10 spell levels left.
You didn't know any spells.

Dungeon Overview and Level Annotations

Branches:
Dungeon (11/15)            Temple (0/1) D:6            Lair (0/8) D:11
    Orc (0/4) D:9

Annotations:
D:11 karlm's ghost, journeyman GrFi


Innate Abilities, Weirdness & Mutations

You have an increased reservoir of magic (+10% MP).
Your attributes are resistant to harm.
You are covered in fur (AC +1).


Message History

Karlm's ghost hits you but does no damage.
The shadow slips into darkness.
The shadow flickers and vanishes!
Deactivating autopickup; reactivate with Ctrl-A.
Karlm's ghost hits you but does no damage.
You climb upwards.
The ghost fades into the shadows.
Karlm's ghost disappears!
There is a stone staircase leading down, spattered with blood here.
You slash something!
There is a sudden explosion of sparks!
You are feeling very hungry.
The shadow strikes at you from the darkness!
* * * LOW HITPOINT WARNING * * *
Reactivating autopickup.
You hit the shadow but do no damage.
The shadow is almost destroyed.
The shadow slips into darkness.
The shadow flickers and vanishes!
Deactivating autopickup; reactivate with Ctrl-A.
You closely miss something.
The shadow strikes at you from the darkness!
You die...

....#.#.#.....#....####
....#.#.#####.#.......# ##### #
....#.#..# #.#.....#.# #...# #
......#..# #.#.....#.# #...# #
###...#.#####.#.....#.# #.#.# #
..#...#.'.....'.......# #.#.# #
..#...#.#..#..#.......# #.#.####
###...#.#.....#.{.....# #.#.....
###...#.#####.#.@.....####.....#.
..#...#.##..#.#.=..###....###....
..#...#.##..'......#.#....#.#....
..#.#.#.##.##......#.#....'.#.#..
###...#.##'#.......#.'....#.#....
#######.#..#.....#.#.############
.....#######.#...#.####
##'###................###########
..................>..............


There were no monsters in sight!

Vanquished Creatures
  Erolcha (D:9)
  A centaur warrior (D:10)
  The ghost of Peloso the Blocker, a novice HOFi of Okawaru (D:7)
  2 skeletal warriors
  2 hill giants
  5 centaur zombies (D:11)
  A komodo dragon (D:11)
  3 trolls
  Prince Ribbit (D:8)
  2 flying skulls (D:11)
  A spriggan (D:8)
  A shadow (D:11)
  Sigmund (D:6)
  A hungry ghost (D:8)
  8 yaks
  2 water moccasins (D:8)
  Duvessa (D:4)
  A phantom (D:7)
  Purgy (D:3)
  An orc warrior (D:11)
  2 ice beasts (D:8)
  5 sky beasts
  3 necrophages (D:11)
  3 black bears
  5 centaurs
  8 ogres
  2 big kobolds
  13 giant frogs
  A wyvern skeleton (D:11)
  A wyvern zombie (D:9)
  Dowan (D:4)
  A scorpion (D:9)
  2 wights (D:11)
  6 crimson imps
  14 orc wizards
  A wasp zombie (D:8)
  2 hounds
  3 orc priests
  6 jellies
  3 centaur skeletons (D:11)
  5 giant frog skeletons
  Crazy Yiuf (D:3)
  3 giant frog zombies
  3 iguanas
  A quasit (D:7)
  Jessica (D:2)
  A gnoll shaman (D:4)
  Terence (D:2)
  14 worker ants
  A killer bee zombie (D:7)
  2 hound skeletons
  3 worker ant zombies
  15 gnolls
  19 adders
  7 river rats
  3 shadow imps
  2 oozes
  An adder skeleton (D:8)
  A worm (D:2)
  7 giant geckos
  37 orcs
  16 ball pythons
  10 bats
  7 giant cockroaches
  8 hobgoblins
  15 jackals
  9 kobolds
  8 quokkas
  6 giant newts
  10 goblins
  A quokka skeleton (D:6)
  26 rats
363 creatures vanquished.

Notes
Turn   | Place    | Note
--------------------------------------------------------------
     0 | D:1      | Peloso the Demigod Fighter began the quest for the Orb.
     0 | D:1      | Reached XP level 1. HP: 18/18 MP: 3/3
   246 | D:1      | Reached XP level 2. HP: 9/25 MP: 4/4
   447 | D:1      | Reached skill level 3 in Shields
   782 | D:1      | Reached XP level 3. HP: 31/31 MP: 5/5
  1142 | D:2      | Noticed Jessica
  1147 | D:2      | Killed Jessica
  1147 | D:2      | Reached skill level 1 in Dodging
  1199 | D:2      | Reached XP level 4. HP: 38/38 MP: 6/6
  1215 | D:2      | Found a sparkling altar of Nemelex Xobeh.
  1401 | D:2      | Noticed Terence
  1417 | D:2      | Killed Terence
  1711 | D:2      | Found an iron altar of Okawaru.
  1713 | D:2      | Found a faded altar to an unknown god.
  2104 | D:3      | Reached XP level 5. HP: 16/45 MP: 7/7
  2110 | D:3      | Reached skill level 4 in Shields
  2443 | D:3      | Noticed Purgy
  2491 | D:3      | Killed Purgy
  2912 | D:3      | Reached XP level 6. HP: 34/51 MP: 8/8
  3298 | D:3      | Noticed Crazy Yiuf
  3306 | D:3      | Killed Crazy Yiuf
  3563 | D:4      | Noticed Dowan
  3655 | D:4      | Killed Dowan
  3772 | D:4      | Noticed Duvessa
  3785 | D:4      | Killed Duvessa
  4101 | D:4      | Reached XP level 7. HP: 46/57 MP: 9/9
  4655 | D:4      | Gained mutation: You are covered in fur (AC +1). [potion of beneficial mutation]
  4869 | D:5      | Entered Level 5 of the Dungeon
  4942 | D:5      | Reached skill level 5 in Shields
  6367 | D:6      | Reached XP level 8. HP: 62/66 MP: 10/10
  6525 | D:6      | Found a staircase to the Ecumenical Temple.
  6695 | D:6      | Noticed Sigmund
  6696 | D:6      | Found a glowing drain.
  6721 | D:6      | Killed Sigmund
  6721 | D:6      | Reached skill level 5 in Armour
  6721 | D:6      | Reached skill level 6 in Shields
  6750 | Sewer    | Entered a sewer
  8797 | D:7      | Reached skill level 5 in Fighting
  8993 | D:7      | Reached skill level 5 in Long Blades
  8993 | D:7      | Reached XP level 9. HP: 56/74 MP: 11/11
  9460 | D:7      | Noticed Peloso's ghost (novice HOFi)
  9574 | D:7      | HP: 1/74 [Peloso's ghost (13)]
  9585 | D:7      | HP: 2/74 [Peloso's ghost (8)]
  9591 | D:7      | Killed Peloso's ghost
  9591 | D:7      | Reached skill level 5 in Dodging
  9591 | D:7      | Reached skill level 7 in Shields
 10098 | D:7      | Found a snail-covered altar of Cheibriados.
 10099 | D:7      | Found an iron altar of Okawaru.
 11043 | D:8      | Reached XP level 10. HP: 83/83 MP: 13/13
 11270 | D:8      | Found a burning altar of Makhleb.
 11652 | D:8      | Noticed Prince Ribbit
 11795 | D:8      | Killed Prince Ribbit
 11814 | D:8      | Reached skill level 1 in Stealth
 12037 | D:8      | Reached skill level 8 in Shields
 12084 | D:9      | Found a staircase to the Orcish Mines.
 12193 | D:9      | Noticed Erolcha
 12206 | D:9      | Killed Erolcha
 12280 | D:9      | Found a shimmering altar of Xom.
 12282 | D:9      | Found a shadowy altar of Dithmenos.
 12548 | D:10     | Entered Level 10 of the Dungeon
 12559 | D:10     | Noticed a centaur warrior
 12576 | D:10     | Killed a centaur warrior
 12802 | D:10     | Reached XP level 11. HP: 55/92 MP: 14/14
 13125 | D:10     | Noticed a hill giant
 13132 | D:10     | Killed a hill giant
 13767 | D:11     | Found a staircase to the Lair.
 13866 | D:11     | Reached skill level 9 in Shields
 14199 | D:11     | Noticed a skeletal warrior
 14201 | D:11     | Noticed a skeletal warrior
 14621 | D:10     | Killed a skeletal warrior
 14829 | D:11     | Killed a skeletal warrior
 14928 | D:11     | Noticed karlm's ghost (journeyman GrFi)
 15527 | D:10     | Slain by a shadow

Action                   |  1- 3 |  4- 6 |  7- 9 | 10-12 || total
-------------------------+-------+-------+-------+-------++-------
Melee: Long sword        |   116 |   243 |   968 |     9 ||  1336
       Falchion          |       |       |       |   694 ||   694
  Use: Scroll            |       |    10 |    13 |     7 ||    30
       Potion            |       |     1 |     7 |     3 ||    11
  Eat: Chunk             |     1 |    10 |    24 |    13 ||    48
       Beef jerky        |       |       |       |     3 ||     3
